 Dungeon Crawl Stone Soup version 0.27-a0-1149-g4505690ab0 (webtiles) character file.

Game seed: 18417001869625009986

106 tygod the Caller (level 4, -1/24 HPs)
             Began as a Tengu Summoner on May 12, 2021.
             Slain by an orc wizard
             ... wielding a +0 dagger
              (2 damage)
             ... on level 4 of the Dungeon.
             The game lasted 00:10:23 (2868 turns).

tygod the Caller (Tengu Summoner)                   Turns: 2868, Time: 00:10:24

Health: -1/24      AC:  2    Str:  9    XL:     4   Next: 84%
Magic:  3/9        EV: 12    Int: 15    God:
Gold:   120        SH:  0    Dex: 15    Spells: 5/8 levels left

rFire    . . .     SeeInvis .   i - +0 short sword
rCold    . . .     Faith    .   (no shield)
rNeg     . . .     Spirit   .   a - +0 robe
rPois    .         Reflect  .   (helmet restricted)
rElec    .         Harm     .   (no cloak)
rCorr    +         Rampage  .   (no gloves)
Will     .....                  (boots unavailable)
Stlth    +.........             (no amulet)
HPRegen  0.08/turn              g - ring of resist corrosion
MPRegen  0.11/turn              (no ring)

@: confused
A: beak, talons 3
a: no special abilities


You were on level 4 of the Dungeon.
You visited 1 branch of the dungeon, and saw 3 of its levels.

You collected 120 gold pieces.

Inventory:

Hand Weapons
 d - a +0 dagger
 i - a +0 short sword (weapon)
Missiles
 c - 82 stones
Armour
 a - a +0 robe (worn)
 o - a scarf of shadows
Jewellery
 g - a ring of resist corrosion (left hand)
Scrolls
 b - a scroll of brand weapon {unknown}
 e - a scroll of silence {unknown}
 f - a scroll of blinking {unknown}
 h - a scroll of noise {unknown}
 j - 2 scrolls of identify {unknown}
 l - a scroll of fog {unknown}
 n - a scroll of teleportation {unknown}
Potions
 k - a potion of degeneration {unknown}
 m - 2 potions of curing
 p - a potion of attraction {unknown}


   Skills:
 + Level 0.4 Fighting
 + Level 0.1 Short Blades
 + Level 2.5 Dodging
 + Level 2.1 Stealth
 + Level 2.9 Spellcasting
 + Level 6.2 Summonings


You had 5 spell levels left.
You knew the following spells:

 Your Spells              Type           Power      Damage    Failure   Level
a - Summon Small Mammal   Summ           80%        N/A       1%          1
b - Call Imp              Summ           20%        N/A       2%          2

Your spell library contained the following spells:

 Spells                   Type           Power      Damage    Failure   Level
 Call Canine Familiar     Summ           20%        N/A       4%          3
 Summon Guardian Golem    Hex/Summ       11%        N/A       17%         3
 Summon Ice Beast         Ice/Summ       11%        N/A       50%         4
 Summon Lightning Spire   Summ/Air       11%        N/A       50%         4


Dungeon Overview and Level Annotations

Branches:
Dungeon (4/15)
 Temple: D:4-7

Altars:


Innate Abilities, Weirdness & Mutations

You have a beak for a mouth.
You have claws for feet.


Message History

No target in view!
No target in view!
You start resting.
Your white imp resists with significant effort.
Your white imp appears confused.
Your white imp completely misses you.
Casting: Call Imp (safe; 2% risk of failure)
Confirm with . or Enter, or press ? or * to list all spells.
A beastly little devil appears in a puff of flame.
An orc wizard comes into view. It is wielding a +0 dagger.
Something hits you.
Deactivating autopickup; reactivate with Ctrl-A.
Your crimson imp hits the orc wizard but does no damage.
You swap places.
Something hits you.
Your crimson imp blinks!
You are too injured to fight recklessly!
You are too injured to fight recklessly!
Casting: Call Imp (safe; 2% risk of failure)
Confirm with . or Enter, or press ? or * to list all spells.
A beastly little devil appears in a puff of flame.
Your white imp hits you but does no damage.
Something hits you. The orc wizard barely misses you.
Casting: Call Imp (safe; 2% risk of failure)
Confirm with . or Enter, or press ? or * to list all spells.
A beastly little devil appears in a puff of frigid air.
The orc wizard casts a spell at you.
You are confused.
Something hits you.
Are you sure you want to stumble around while confused and next to your crimson imp?
Okay, then.
Something hits you.
* * * LOW HITPOINT WARNING * * *
The orc wizard barely misses you.
Your crimson imp blinks! x2
Your crimson imp disappears in a puff of smoke!
Your white imp closely misses something.
The orc wizard hits you with a +0 dagger.
* * * LOW HITPOINT WARNING * * *
Something hits you.
You die...

.. #.......##
#....
###......##
#.... #.......##
..###
###......### ..#
#........####.
###.............
#..........###..
###..5...§§.##
#....5@§...##
#......o..##
......##).).#
.......)....#
#####.......#
#..5###..# #..#
##.# #.# ..# #.
#..


You could see an orc wizard (ally target), a friendly crimson imp (summoned) and
2 friendly white imps.

Vanquished Creatures
  An orc (D:4)
  6 endoplasms
  A giant cockroach (D:4)
  4 goblins
  A hobgoblin (D:2)
  4 kobolds
  A quokka (D:1)
  A bat (D:1)
  3 rats (D:2)
22 creatures vanquished.

Vanquished Creatures (collateral kills)
  A jelly (D:2)
  Robin (D:2)
  An adder (D:2)
  A gnoll (D:1)
  2 worms (D:2)
  A dart slug (D:2)
  An orc (D:4)
  4 ball pythons
  9 endoplasms
  2 giant cockroaches
  8 goblins
  9 hobgoblins
  4 jackals (D:1)
  10 kobolds
  4 bats (D:1)
  2 frilled lizards
  A rat (D:1)
61 creatures vanquished.

Vanquished Creatures (others)
  2 fungi (D:2)
  8 toadstools (D:2)
10 creatures vanquished.

Grand Total: 93 creatures vanquished

Notes
Turn   | Place    | Note
-------+----------+-------------------------------------------
     0 | D:1      | tygod the Tengu Summoner began the quest for the Orb.
     0 | D:1      | Reached XP level 1. HP: 10/10 MP: 4/4
    68 | D:1      | Reached skill level 5 in Summonings
   403 | D:1      | Reached XP level 2. HP: 12/15 MP: 1/6
   956 | D:1      | Found a faded altar of an unknown god.
  1012 | D:2      | Noticed Robin
  1022 | D:2      | Reached XP level 3. HP: 15/19 MP: 2/7
  1223 | D:1      | Learned a level 2 spell: Call Imp
  1597 | D:2      | Killed Robin
  1731 | D:2      | Reached XP level 4. HP: 21/24 MP: 5/8
  1811 | D:2      | Reached skill level 6 in Summonings
  2267 | D:2      | You fall into a shaft and drop 2 floors!
  2868 | D:4      | HP: 1/24 [orc wizard/+0 dagger (3)]
  2868 | D:4      | Slain by an orc wizard

Illustrated notes

Levels and vault maps discovered:
D:1:      lemuel_arrival_behind_the_door_small, layout_loops_ring,
          hellmonk_ecumenical_altar_leap_of_faith, st_stairs_3
D:2:      cheibrodos_fertilizer, layout_basic, solitary_fountain, uniq_robin
D:4:      layout_layer_cave, minmay_quantized, uniq_crazy_yiuf_cottage,
          uniq_pikel

Skill      XL: |  1  2  3  4 |
---------------+-------------+-----
Summonings     | 5 6 |  6.2
Fighting       | |  0.4
Short Blades   | |  0.1
Dodging        | |  2.5
Stealth        | |  2.1
Spellcasting   | |  2.9

Action                   |  1- 3 |  4- 6 || total
-------------------------+-------+-------++-------
Melee: Dagger            |    31 |     9 ||    40
       Kick              |     9 |    12 ||    21
       Peck              |     3 |     3 ||     6
       Short sword       |       |    28 ||    28
 Cast: Summon Small Mamm |    40 |       ||    40
       Call Imp          |    11 |    18 ||    29
  Use: Potion            |       |     1 ||     1
 Stab: Sleeping          |     2 |     1 ||     3
Armor: Robe              |     9 |     6 ||    15
Dodge: Dodged            |    31 |    22 ||    53

Table legend: (Time is in decaauts)
 A = Elapsed time spent in this place.
 B = Non-inter-level travel time spent in this place.
 C = Inter-level travel time spent in this place.
 D = Time resting spent in this place.
 E = Time spent auto-exploring this place.
 F = Levels seen in this place.
 G = Mean time per level.
                   A        B        C        D        E       F      G
               +--------+--------+--------+--------+--------+-----+--------+
         Total |   2870 |   2826 |     44 |    548 |   1493 |   3 |  956.7 |
       Dungeon |   2870 |   2826 |     44 |    548 |   1493 |   3 |  956.7 |
               +--------+--------+--------+--------+--------+-----+--------+

Top non-repeatable levels by time:
     D:1: 1211 daAuts
     D:2: 1057 daAuts
     D:4: 602 daAuts
